 Dungeon Crawl Stone Soup version 0.19-a0-714-g149a522 (webtiles) character file.

512 Magifyre the Firebug (level 6, -3/32 HPs)
             Began as a Deep Elf Fire Elementalist on June 20, 2016.
             Was an Initiate of Vehumet.
             Slain by an orc
             ... wielding a +1 dagger of electrocution
              (11 damage)
             ... on level 6 of the Dungeon.
             The game lasted 00:36:19 (5905 turns).

Magifyre the Firebug (Deep Elf Fire Elementalist)   Turns: 5905, Time: 00:36:19

Health: -3/32      AC:  4    Str:  5    XL:     6   Next: 99%
Magic:  0/14       EV: 13    Int: 22    God:    Vehumet [......]
Gold:   212        SH:  2    Dex: 15    Spells: 4 memorised, 4 levels left

rFire  . . .     SeeInvis .     z - +0 spear
rCold  . . .     Gourm    .     a - +1 robe
rNeg   . . .     Faith    .     (no shield)
rPois  +         Spirit   .     (no helmet)
rElec  .         Dismiss  .     (no cloak)
rCorr  .         Reflect  +     k - +0 pair of gloves
SustAt .         Harm     .     (no boots)
MR     .....                    n - +2 amulet of reflection
Stlth  ++........               (no ring)
                                u - ring of poison resistance

@: not resistant to hostile enchantments, unstealthy
A: no striking features
a: Renounce Religion


You were on level 6 of the Dungeon.
You worshipped Vehumet.
Vehumet was noncommittal.
You were not hungry.

You visited 2 branches of the dungeon, and saw 7 of its levels.

You collected 212 gold pieces.

Inventory:

Hand Weapons
 z - a +0 spear (weapon)
Missiles
 o - 2 throwing nets (quivered)
Armour
 a - a +1 robe (worn)
 k - a +0 pair of gloves (worn)
Jewellery
 n - a +2 amulet of reflection (around neck)
 u - a ring of poison resistance (left hand)
Scrolls
 d - a scroll of identify
 i - 4 scrolls of fear
 j - a scroll of enchant armour
 w - a scroll of amnesia {unknown}
 y - a scroll of enchant weapon {unknown}
Potions
 e - 2 potions of might
 p - a potion of agility
 q - a potion of berserk rage
 r - a potion of curing
 s - a potion of lignification
 v - 3 potions of heal wounds
Books
 b - a book of Flames

   Spells                             Type                      Level
   a - Flame Tongue                   Conjuration/Fire             1
   b - Throw Flame                    Conjuration/Fire             2
   c - Conjure Flame                  Conjuration/Fire             3
   d - Inner Flame                    Hexes/Fire                   3
   e - Sticky Flame                   Conjuration/Fire             4
   f - Fireball                       Conjuration/Fire             5
Comestibles
 c - 3 bread rations
 f - 2 slices of pizza
 g - 2 beef jerkies
 h - a chunk of flesh
 m - 3 meat rations


   Skills:
 - Level 2.4 Dodging
 - Level 2.4 Stealth
 + Level 4.6 Spellcasting
 * Level 5.7 Conjurations
 * Level 5.8 Fire Magic


You had 4 spell levels left.
You knew the following spells:

 Your Spells              Type           Power        Failure   Level  Hunger
a - Flame Tongue          Conj/Fire      ####.        1%          1    None
b - Throw Flame           Conj/Fire      ####..       1%          2    None
c - Conjure Flame         Conj/Fire      ####....     3%          3    ##.....
d - Sticky Flame          Conj/Fire      ####....     12%         4    ####...


Dungeon Overview and Level Annotations

Branches:
Dungeon (6/15)             Temple (1/1) D:4

Altars:
Ashenzari
Cheibriados
Dithmenos
Elyvilon
Gozag
Hepliaklqana
Makhleb
Pakellas
Qazlal
Ru
Sif Muna
Uskayaw
Vehumet
Xom
Zin

Annotations:
D:3 wearedevo's ghost, amateur DEIE
D:4 Eustachio
D:5 Blork the orc; Pikel
D:6 Grinder


Message History

Aim: an orc, wielding a dagger of electrocution and wearing a leather armour (lightly wounded)
You hit the orc but do no damage.
The orc is lightly wounded.
The orc hits you with a dagger of electrocution.
* * * LOW HITPOINT WARNING * * *
Attack whom?
Press: ? - help, Dir - move target cursor, f/p - orc
Aim: an orc, wielding a dagger of electrocution and wearing a leather armour (lightly wounded)
You barely miss the orc.
The orc is lightly wounded.
The orc closely misses you.
Casting: Flame Tongue
Confirm with . or Enter, or press ? or * to list all spells.
Aiming: Flame Tongue
Press: ? - help, Shift-Dir - straight line, f/p - orc
Aim: an orc, wielding a dagger of electrocution and wearing a leather armour (lightly wounded)
The flame tongue hits the orc.
The orc is almost dead.
The orc hits you but does no damage.
You are electrocuted!
You die...

. .### ###.. .... #
#... .#..# ####. .. ...
...# #... #...
###.####.###.#####....#
..##.....##).#..##....#
#.#.......#....#(<.####
#.#.......#....#.###
#....._.........@#
..#.......#.##.o##
..#.....).#.##..#
†.##.....##..#.##
#.####.####..#.#
#..)..).o......#
######..####........#
#.## #...#...... ...#
#..#..(.....


You could see an orc.

Vanquished Creatures
  2 slaves (D:5)
  A sky beast (D:6)
  2 howler monkeys (D:6)
  A giant frog zombie (D:6)
  An orc wizard (D:6)
  An iguana (D:4)
  3 worker ants (D:4)
  11 adders
  2 adder skeletons (D:4)
  5 worms
  2 dart slugs
  5 giant geckos
  8 orcs
  6 bats
  A giant cockroach (D:6)
  7 hobgoblins
  7 kobolds
  2 quokkas
  A ball python (D:3)
  3 giant newts
  5 goblins
  A quokka zombie (D:5)
  5 rats
82 creatures vanquished.

Vanquished Creatures (others)
  A fungus (D:3)
1 creature vanquished.

Grand Total: 83 creatures vanquished

Notes
Turn   | Place    | Note
--------------------------------------------------------------
     0 | D:1      | Magifyre the Deep Elf Fire Elementalist began the quest for the Orb.
     0 | D:1      | Reached XP level 1. HP: 10/10 MP: 6/6
   360 | D:1      | Reached XP level 2. HP: 15/15 MP: 6/8
   364 | D:1      | Learned a level 2 spell: Throw Flame
   878 | D:2      | Reached XP level 3. HP: 19/19 MP: 4/9
  1366 | D:2      | Reached XP level 4. HP: 24/24 MP: 4/10
  1474 | D:2      | Found an opulent altar of Gozag.
  1742 | D:2      | Found a deep blue altar of Sif Muna.
  1867 | D:2      | Learned a level 3 spell: Conjure Flame
  1886 | D:3      | Noticed wearedevo's ghost (amateur DEIE)
  2252 | D:3      | Reached skill level 5 in Conjurations
  2266 | D:3      | Found a shattered altar of Ashenzari.
  2273 | D:3      | Saw a vision of the Swamp and the Snake Pit.
  2273 | D:3      | Noticed a shock serpent
  2273 | D:3      | Noticed an alligator
  2273 | D:3      | Noticed a guardian serpent
  2273 | D:3      | Noticed a naga mage
  2274 | D:3      | Noticed an anaconda
  2276 | D:3      | Noticed a water moccasin
  2802 | D:3      | Reached XP level 5. HP: 28/28 MP: 3/11
  2863 | D:3      | Noticed a dagger
  2863 | D:3      | Noticed a dagger
  2867 | D:3      | Found a hide-covered altar of Uskayaw.
  2914 | D:3      | Learned a level 4 spell: Sticky Flame
  3315 | D:4      | Found a staircase to the Ecumenical Temple.
  3345 | D:5      | Entered Level 5 of the Dungeon
  3633 | Temple   | Entered the Ecumenical Temple
  4372 | D:4      | Reached XP level 6. HP: 32/32 MP: 3/14
  4453 | D:4      | Noticed Eustachio
  4659 | D:5      | Noticed a slave
  4685 | D:5      | Reached skill level 5 in Fire Magic
  4699 | D:5      | Noticed Blork the orc
  5111 | D:4      | Found a radiant altar of Vehumet.
  5117 | D:4      | Became a worshipper of Vehumet
  5294 | D:5      | Noticed a slave
  5318 | D:5      | Killed a slave
  5425 | D:5      | Noticed Pikel
  5426 | D:5      | Noticed a slave
  5520 | D:5      | Noticed a slave
  5549 | D:5      | Killed a slave
  5788 | D:6      | Found a hazy altar of Hepliaklqana.
  5811 | D:6      | Noticed a sky beast
  5820 | D:6      | Killed a sky beast
  5826 | D:6      | Noticed Grinder
  5905 | D:6      | Slain by an orc

Vault maps used:
D:1:      lightli_arrival_maybe_door_vault
D:2:      wad_river_or_something, nicolae_gozag_seed_capital, led_sif_pool,
          kennysheep_flooded_box
D:3:      dancing_weapons_uskayaw, grunt_ashenzari_visionary
D:4:      marbit_many_paths, minmay_temple_entry_crystal_x, first_bread,
          uniq_eustachio, uniq_edmund
D:5:      guppyfry_early_lair_pool, uniq_blork_the_orc, uniq_pikel
D:6:      old_standard_altar, uniq_grinder
Temple:   roderic_octagonal_lattice_temple

Skill      XL: |  1  2  3  4  5  6 |
---------------+-------------------+-----
Conjurations   | 2 3 4 5 |  5.7
Fire Magic     | 4 5 |  5.8
Spellcasting   | 4 |  4.6
Dodging        | |  2.4
Stealth        | |  2.4

Action                   |  1- 3 |  4- 6 || total
-------------------------+-------+-------++-------
Melee: Unarmed           |       |     3 ||     3
       Spear             |       |    15 ||    15
 Cast: Flame Tongue      |    47 |   130 ||   177
       Throw Flame       |     7 |    51 ||    58
       Conjure Flame     |       |    21 ||    21
  Use: Scroll            |       |    19 ||    19
  Eat: Chunk             |     1 |    15 ||    16
       Royal jelly       |       |     1 ||     1
Armor: Robe              |     1 |     2 ||     3
Dodge: Dodged            |     4 |    26 ||    30
Block: Other             |       |     3 ||     3
